 Dungeon Crawl Stone Soup version 0.29-a0-925-g0a7a3d12f8 (webtiles) character file.

Game seed: 10883704223357793655

74 Querens the Shield-Bearer (level 4, -2/81 (90) HPs)
             Began as a Meteoran Fighter on July 29, 2022.
             Killed by divine providence
             ... invoked by an orc priest
              (15 damage)
             ... on level 3 of the Dungeon.
             The game lasted 00:04:16 (1299 turns).

Querens the Shield-Bearer (Meteoran Fighter)        Turns: 1299, Time: 00:04:17

HP:   -2/81 (90)    AC: 22    Str: 19    XL:     4   Next: 84%
MP:   5/5           EV:  2    Int:  9    God:
Gold: 73            SH:  5    Dex: 14    Spells: 3/3 levels left

rFire   . . .      SeeInvis .   a - +0 war axe
rCold   . . .      Faith    .   c - +0 buckler
rNeg    . . .      Spirit   .   (body armour currently unavailable)
rPois   +          Reflect  .   (helmet currently unavailable)
rElec   .          Harm     .   (cloak currently unavailable)
rCorr   .          Rampage  .   (gloves currently unavailable)
Will    .....      NoTele   +   (boots currently unavailable)
Stlth   ..........              (no amulet)
HPRegen 0.23/turn               (no ring)
MPRegen 0.09/turn               (no ring)

@: berserking, tree-form, glowing, heavily drained, very quick
A: stationary, stasis, torment immunity, boosted hp, sense surroundings 1,
otherworldly, glowing, explore regen
a: no special abilities


You were on level 3 of the Dungeon.
You were a tree.
You visited 1 branch of the dungeon, and saw 3 of its levels.

You collected 73 gold pieces.

Inventory:

Hand Weapons
 a - a +0 war axe (weapon)
 l - a +0 vorpal morningstar
Armour
 b - a +0 scale mail (melded)
 c - a +0 buckler (worn)
 g - a +0 helmet (melded)
 j - a +0 pair of boots (melded)
Jewellery
 i - a ring of ice
Scrolls
 e - 3 scrolls of fear {unknown}
 f - 2 scrolls of amnesia {unknown}
 m - a scroll of acquirement {unknown}
Potions
 d - a potion of might
 n - a potion of haste {unknown}


   Skills:
 + Level 3.9 Fighting
 + Level 3.3 Axes
 + Level 4.3 Armour
 + Level 4.3 Shields


You had 3 spell levels left.
You didn't know any spells.
Your spell library contained the following spells:

 Spells                   Type           Power      Damage    Failure   Level
 Confusing Touch          Hex            0%         N/A       83%         3
 Yara's Violent Unravell  Hex/Tmut       0%         3d3       100%        5
 Enfeeble                 Hex            0%         N/A       100%        7


Dungeon Overview and Level Annotations

Branches:
Dungeon (3/15) Zot: 649

Altars:

Annotations:
D:2 1 runed translucent door, Crazy Yiuf


Innate Abilities, Weirdness & Mutations

You are a tree.
Your roots penetrate the ground, keeping you stationary.
You cannot be teleported.
You are immune to unholy pain and torment.
Your maximum health is greatly increased.
Your equipment is partially melded.
You passively map a small area around you.
You are easily found by Zot.
You glow in the dark.
You regain HP and MP as you explore.


Message History

Unknown command.
You hit the orc priest but do no damage.
The orc priest is almost dead.
You barely miss the orc.
The orc priest hits you with a +0 war axe.
* * * LOW HITPOINT WARNING * * *
The orc barely misses you. x2
Unknown command.
Unknown command.
Unknown command.
The orc attacks as you move away! The orc barely misses you.
It was a potion of lignification.
You turn into a tree.
Your +0 helmet melds into your body.
Your +0 pair of boots melds into your body.
Your +0 scale mail melds into your body.
Your roots penetrate the ground.
It was a potion of berserk rage.
A red film seems to cover your vision as you go berserk!
You feel yourself moving faster!
You feel mighty! The orc hits you but does no damage. x2
You slash the orc!
You kill the orc!
You closely miss the orc. The orc hits you but does no damage.
You hit the orc.
The orc is severely wounded.
You barely miss the orc. You slash the orc!
You kill the orc!
You barely miss the orc. The orc hits you but does no damage.
You slash the goblin!
You kill the goblin!
You barely miss the orc. The orc hits you but does no damage.
The orc priest looks braver for a moment.
You slash the goblin!
You kill the goblin!
You slash the orc!
You kill the orc!
The orc priest mumbles some strange prayers to Beogh against you.
Beogh smites you!
You die...

* * * , , , #.. #
##.* ..# .### * ...#
#.########. ....
..... ##...........
...) * *
.....,,...........#
#. .....o
#..........# #.
....go##..........##
#. * ,
...gg..#♣..........#
## , *
#o)).........# * # ,
,, ###..........#
#.. , , *
##........######.# ,
, *
#<..............,* ,
*#...........#*# ,
,,
#.....)....####### ,
#..............>....
*,
###..........#######


You could see an orc priest.

Vanquished Creatures
  An adder (D:2)
  3 worms (D:2)
  4 orcs (D:3)
  6 endoplasms
  3 giant cockroaches
  9 goblins
  A hobgoblin (D:1)
  5 quokkas
  A ball python (D:2)
  2 bats (D:1)
  5 frilled lizards
  6 kobolds
  7 rats
53 creatures vanquished.

Vanquished Creatures (others)
  A demonic plant (D:2)
1 creature vanquished.

Grand Total: 54 creatures vanquished

Notes
Turn   | Place    | Note
-------+----------+-------------------------------------------
     0 | D:1      | Querens the Meteoran Fighter began the quest for the Orb.
     0 | D:1      | Reached XP level 1. HP: 19/19 MP: 2/2
   106 | D:1      | Reached XP level 2. HP: 21/26 MP: 3/3
   317 | D:1      | Reached XP level 3. HP: 31/31 MP: 4/4
   477 | D:1      | Glimpsed the power of Zot.
   527 | D:1      | Glimpsed the power of Zot.
   564 | D:1      | Glimpsed the power of Zot.
   574 | D:1      | Touched by the power of Zot.
   704 | D:2      | Found a faded altar of an unknown god.
   704 | D:2      | Noticed a red devil
   826 | D:2      | Reached XP level 4. HP: 29/30 MP: 5/5
  1043 | D:2      | Found a runed translucent door.
  1044 | D:2      | Noticed Crazy Yiuf
  1299 | D:3      | Killed from afar by an orc priest

Illustrated notes

Levels and vault maps discovered:
D:1:      lemuel_arrival_lava_pool, layout_basic
D:2:      layout_basic, dreamdust_ecumenical_altar_sealed_demon,
          uniq_crazy_yiuf_cottage
D:3:      layout_rooms, uniq_robin

Skill      XL: |  1  2  3 |
---------------+----------+-----
Shields        | 4 |  4.3
Armour         | 4 |  4.3
Axes           | 3 |  3.3
Fighting       | |  3.9

Action                   |  1- 3 |  4- 6 || total
-------------------------+-------+-------++-------
Melee: War axe           |    76 |    66 ||   142
  Use: Potion            |       |     2 ||     2
Armor: Scale mail        |    43 |    27 ||    70
       Skin              |       |     5 ||     5
Dodge: Dodged            |    30 |    26 ||    56
Block: Buckler           |    20 |    14 ||    34

Table legend: (Time is in decaauts)
 A = Elapsed time spent in this place.
 B = Non-inter-level travel time spent in this place.
 C = Inter-level travel time spent in this place.
 D = Time resting spent in this place.
 E = Time spent auto-exploring this place.
 F = Levels seen in this place.
 G = Mean time per level.
                   A        B        C        D        E       F      G
               +--------+--------+--------+--------+--------+-----+--------+
         Total |   1350 |   1236 |    114 |      0 |      0 |   3 |  450.0 |
       Dungeon |   1350 |   1236 |    114 |      0 |      0 |   3 |  450.0 |
               +--------+--------+--------+--------+--------+-----+--------+

Top non-repeatable levels by time:
     D:1: 696 daAuts
     D:2: 499 daAuts
     D:3: 154 daAuts
